 Dungeon Crawl Stone Soup version 0.29.0-15-g675c0067aa (webtiles) character file.

Game seed: 13440053317427931315

2554 qw the Blocker (level 9, -5/54 HPs)
             Began as a Gargoyle Fighter on Sept 11, 2022.
             Slain by a fire elemental (9 damage)
             ... summoned by a deep elf pyromancer
             ... on level 7 of the Dungeon.
             The game lasted 00:02:30 (6743 turns).

qw the Blocker (Gargoyle Fighter)                   Turns: 6743, Time: 00:02:31

Health: -5/54      AC: 21    Str: 23    XL:     9   Next: 56%
Magic:  9/9        EV:  4    Int: 10    God:
Gold:   464        SH: 19    Dex:  9    Spells: 8/8 levels left

rFire   . . .      SeeInvis .   q - +0 broad axe (vamp)
rCold   . . .      Faith    .   v - +0 tower shield
rNeg    + . .      Spirit   .   c - +0 plate armour
rPois   inf        Reflect  +   o - +0 helmet
rElec   +          Harm     .   g - +0 cloak
rCorr   +          Rampage  .   r - +0 pair of gloves
Will    .....                   (no boots)
Stlth   ..........              f - amulet of reflection
HPRegen 0.18/turn               s - ring of resist corrosion
MPRegen 0.11/turn               (no ring)

@: about to teleport
A: sickness immunity, AC +6, negative energy resistance 1, electricity
resistance, torment resistance 1, petrification resistance
a: no special abilities


You were on level 7 of the Dungeon.
You visited 2 branches of the dungeon, and saw 8 of its levels.

You collected 464 gold pieces.


Innate Abilities, Weirdness & Mutations

You are immune to sickness and miasma.
Your stone body is resilient. (AC +6)
You are immune to poison.
You resist negative energy. (rN+)
You are resistant to electric shocks. (rElec)
You are resistant to unholy torment.
You are immune to petrification.


   Skills:
 - Level 5.3 Fighting
 - Level 7.3 Axes
 - Level 4.3 Armour
 - Level 2.0 Dodging
 + Level 9.8 Shields


You had 8 spell levels left.
You didn't know any spells.
Your spell library was empty.

Inventory:

Hand Weapons
 j - a +0 flail
 q - a +0 vampiric broad axe (weapon)
Missiles
 x - a boomerang (quivered)
Armour
 c - a +0 plate armour (worn)
 g - a +0 cloak (worn)
 o - a +0 helmet (worn)
 r - a +0 pair of gloves (worn)
 v - a +0 tower shield (worn)
Jewellery
 f - an amulet of reflection (around neck)
 s - a ring of resist corrosion (left hand)
 w - a +4 ring of protection
Scrolls
 b - a scroll of enchant armour {unknown}
 e - a scroll of identify
 l - a scroll of teleportation
Potions
 a - 11 potions of curing
 d - a potion of might
 h - a potion of mutation
 i - a potion of ambrosia {unknown}
 k - a potion of haste
 m - 4 potions of lignification
 n - a potion of flight {unknown}
 p - a potion of magic {unknown}
 t - a potion of brilliance {unknown}
 u - 2 potions of attraction {unknown}
 z - 2 potions of resistance {unknown}

Dungeon Overview and Level Annotations

Branches:
Dungeon (7/15)             Temple (1/1) D:5

Altars:
Ashenzari
Cheibriados
Dithmenos
Fedhas
Gozag
Hepliaklqana
Kikubaaqudgha
Makhleb
Nemelex Xobeh
Okawaru
Qazlal
Ru
Sif Muna
Trog
Uskayaw
The Shining One

Annotations:
D:6 2 transporters


Message History

Enter note:
Enter note: The deep elf pyromancer shouts!
The deep elf pyromancer casts a spell.
A fire elemental comes into view.
The deep elf pyromancer casts a spell at you.
The bolt of fire hits the fire elemental.
The fire elemental completely resists.
The bolt of fire hits you!
You slash the fire elemental!
The fire elemental is moderately damaged.
You block the fire elemental's attack.
The deep elf pyromancer points at you and mumbles some strange words.
The bolt of fire hits the fire elemental.
The fire elemental completely resists.
The bolt of fire hits you!! You block the fire elemental's attack.
You slice the fire elemental!!
The fire elemental is severely damaged.
You block the fire elemental's attack. The fire elemental hits you.
The deep elf pyromancer gestures wildly while chanting.
The deep elf pyromancer blinks!
You barely miss the fire elemental.
The fire elemental is severely damaged.
You block the fire elemental's attack. The fire elemental hits you.
The fire elemental burns you!
You hit the fire elemental.
The fire elemental is almost destroyed.
The fire elemental hits you. The fire elemental burns you!
You block the fire elemental's attack.
6742 ||| READING 2 scrolls of teleportation.
As you read the scroll of teleportation, it crumbles to dust.
You feel strangely unstable. You block the fire elemental's attack.
The deep elf pyromancer mumbles some strange words.
The fire elemental hits you. The fire elemental burns you!
You hit the fire elemental but do no damage.
The fire elemental is almost destroyed.
You block the fire elemental's attack.
The deep elf pyromancer completely misses you.
The fire elemental hits you. The fire elemental burns you!
You die...

##### ....# ###.#
###.####################
................@Ee.E0..
..#.#.......############
#.#.........#
#.###.####..# #.# #.#
#..# #.# #.# #..# #.#
#.# #..# #.# #.# #..#
#.# #..#


You could see a deep elf pyromancer and 2 fire elementals.

Vanquished Creatures
  Sigmund (D:3)
  2 wyverns
  2 water moccasins
  2 sky beasts (D:7)
  A black bear (D:7)
  An orc warrior (D:6)
  2 ice beasts
  An ogre (D:4)
  A centaur (D:6)
  A phantom (D:4)
  3 bullfrogs
  2 necrophages
  2 scorpions
  A howler monkey (D:7)
  3 orc priests (D:7)
  A gnoll bouda (D:4)
  2 hounds
  2 jellies
  3 iguanas
  2 orc wizards
  6 adders
  10 gnolls
  A shadow imp (D:7)
  A white imp (D:7)
  An ufetubus (D:6)
  3 worms
  2 dart slugs
  15 orcs
  11 bats
  6 endoplasms
  A giant cockroach (D:1)
  7 goblins
  3 hobgoblins
  14 jackals
  11 kobolds
  2 quokkas (D:4)
  8 ball pythons
  2 frilled lizards
  2 rats (D:1)
141 creatures vanquished.

Vanquished Creatures (others)
  An orc wizard (D:7)
  5 fungi (D:4)
6 creatures vanquished.

Grand Total: 147 creatures vanquished

Notes
Turn   | Place    | Note
-------+----------+-------------------------------------------
     0 | D:1      | qw the Gargoyle Fighter began the quest for the Orb.
     0 | D:1      | Reached XP level 1. HP: 14/14 MP: 1/1
     0 | D:1      | 0 ||| qw: Version: 0.1-a-119-g272c26d
     0 | D:1      | 0 ||| qw: Game counter: 10696
     0 | D:1      | 0 ||| qw: Always use a shield: true
     0 | D:1      | 0 ||| qw: God list: Okawaru
     0 | D:1      | 0 ||| qw: Allow faded altars: false
     0 | D:1      | 0 ||| qw: Do Orc after D:15 true
     0 | D:1      | 0 ||| qw: Do second Lair branch before Depths: true
     0 | D:1      | 0 ||| qw: Lair rune preference: random
     0 | D:1      | 0 ||| qw: Plans: Normal, Zot, God:TSO, Crypt, Tomb, Pan,
                  | Slime, Hells, Zig, Abyss, Orb
     0 | D:1      | 0 ||| PLANNING D:1-11
    63 | D:1      | 63 ||| Stepping ~*~*~tactically~*~*~ (stealth).
   285 | D:1      | Reached XP level 2. HP: 19/19 MP: 2/2
   289 | D:1      | 289 ||| Stepping ~*~*~tactically~*~*~ (stealth).
   298 | D:1      | 298 ||| Stepping ~*~*~tactically~*~*~ (stealth).
   299 | D:1      | 299 ||| Stepping ~*~*~tactically~*~*~ (stealth).
   416 | D:1      | Reached skill level 3 in Axes
   420 | D:1      | 420 ||| Stepping ~*~*~tactically~*~*~ (stealth).
   508 | D:1      | 508 ||| Stepping ~*~*~tactically~*~*~ (stealth).
   619 | D:1      | Reached XP level 3. HP: 23/23 MP: 3/3
   635 | D:1      | 635 ||| Stepping ~*~*~tactically~*~*~ (stealth).
   641 | D:1      | 641 ||| Stepping ~*~*~tactically~*~*~ (hiding).
  1184 | D:1      | 1184 ||| READING scroll labelled OTEOHO ATSUMP.
  1185 | D:1      | 1185 ||| READING scroll labelled JOXUDE IFUUKU.
  1188 | D:1      | 1188 ||| READING scroll labelled HIOCUM UPYTE.
  1289 | D:1      | 1289 ||| READING scroll labelled HEPREEGAEL.
  1290 | D:1      | 1290 ||| READING scroll labelled EFEADE ONLUGH.
  1832 | D:2      | Reached XP level 4. HP: 20/28 MP: 4/4
  1925 | D:2      | Found a snail-covered altar of Cheibriados.
  2392 | D:2      | 2392 ||| Stepping ~*~*~tactically~*~*~ (hiding).
  2541 | D:2      | 2541 ||| UPGRADING to +0 cloak.
  2546 | D:2      | 2546 ||| DROPPING ring of flight.
  2547 | D:2      | 2547 ||| READING scroll labelled BOTTIF RUIHUTH.
  2548 | D:2      | 2548 ||| READING scroll labelled RYESOI KERIB.
  2549 | D:2      | 2549 ||| DRINKING 6 metallic inky potions.
  2550 | D:2      | 2550 ||| DRINKING 2 emerald potions.
  2551 | D:2      | 2551 ||| READING 2 scrolls of identify.
  2551 | D:2      | 2551 ||| IDENTIFYING dark potion
  2588 | D:3      | Reached XP level 5. HP: 20/32 MP: 5/5
  2782 | D:3      | 2782 ||| DROPPING +0 whip.
  2791 | D:3      | Found a hide-covered altar of Uskayaw.
  3204 | D:3      | Found a faded altar of an unknown god.
  3325 | D:3      | Noticed Sigmund
  3326 | D:3      | 3326 ||| Stepping ~*~*~tactically~*~*~ (hiding).
  3327 | D:3      | 3327 ||| Stepping ~*~*~tactically~*~*~ (hiding).
  3342 | D:3      | Killed Sigmund
  3343 | D:3      | Reached skill level 6 in Axes
  3343 | D:3      | Reached XP level 6. HP: 28/37 MP: 6/6
  3571 | D:3      | 3571 ||| UPGRADING to +0 helmet.
  3576 | D:3      | 3576 ||| READING scroll labelled TERISU SERUXI.
  3577 | D:3      | 3577 ||| DRINKING 2 purple potions.
  3578 | D:3      | 3578 ||| DRINKING 4 metallic silvery potions.
  3595 | D:3      | 3595 ||| DROPPING potion of invisibility.
  3613 | D:4      | 3613 ||| Stepping ~*~*~tactically~*~*~ (stealth).
  3614 | D:4      | 3614 ||| Stepping ~*~*~tactically~*~*~ (stealth).
  3615 | D:4      | 3615 ||| Stepping ~*~*~tactically~*~*~ (stealth).
  3619 | D:4      | 3619 ||| Stepping ~*~*~tactically~*~*~ (stealth).
  3620 | D:4      | 3620 ||| Stepping ~*~*~tactically~*~*~ (stealth).
  3858 | D:4      | Found a shimmering blue altar of Sif Muna.
  3871 | D:4      | Reached XP level 7. HP: 27/44 MP: 7/7
  3942 | D:4      | 3942 ||| FLEEEEING.
  3943 | D:4      | 3943 ||| FLEEEEING.
  3944 | D:4      | 3944 ||| FLEEEEING.
  3945 | D:4      | 3945 ||| FLEEEEING.
  3952 | D:4      | 3952 ||| FLEEEEING.
  3953 | D:4      | 3953 ||| FLEEEEING.
  3954 | D:4      | 3954 ||| FLEEEEING.
  3955 | D:4      | 3955 ||| STAIRDANCE
  3988 | D:3      | 3988 ||| UPGRADING to amulet of reflection.
  4016 | D:4      | 4016 ||| READING scroll of enchant weapon.
  4016 | D:4      | 4016 ||| ENCHANTING +1 war axe.
  4480 | D:4      | 4480 ||| UPGRADING to +0 pair of gloves.
  4485 | D:4      | 4485 ||| READING scroll labelled JOAMET ENOQUCW.
  4485 | D:4      | Identified a scroll of acquirement
  4485 | D:4      | 4485 ||| ACQUIRING +0 vampiric broad axe
  4485 | D:4      | Acquired a +0 vampiric broad axe
  4487 | D:4      | 4487 ||| SWAPPING to +0 vampiric broad axe.
  4488 | D:4      | 4488 ||| DROPPING +2 war axe.
  4489 | D:4      | 4489 ||| DRINKING 2 bubbling silvery potions.
  4514 | D:5      | Entered Level 5 of the Dungeon
  4515 | D:5      | 4515 ||| STAIRDANCE
  4527 | D:5      | 4527 ||| STAIRDANCE
  4556 | D:5      | 4556 ||| STAIRDANCE
  4617 | D:5      | 4617 ||| STAIRDANCE
  4935 | D:5      | Reached XP level 8. HP: 49/49 MP: 8/8
  4953 | D:5      | Found a sacrificial altar of Ru.
  4953 | D:5      | Found a blossoming altar of Fedhas.
  5118 | D:5      | Found a staircase to the Ecumenical Temple.
  5119 | D:5      | 5119 ||| PLANNING TEMPLE
  5119 | D:5      | 5119 ||| UPGRADING to +0 tower shield.
  5129 | D:5      | 5129 ||| DROPPING +0 buckler.
  5130 | D:5      | 5130 ||| UPGRADING to ring of resist corrosion.
  5131 | D:5      | 5131 ||| READING scroll labelled PYIM VURIA.
  5137 | Temple   | Entered the Ecumenical Temple
  5259 | Temple   | 5259 ||| PLANNING D:1-11
  5467 | D:6      | Reached skill level 4 in Shields
  5532 | D:6      | Reached skill level 5 in Shields
  5779 | D:6      | Noticed a wyvern
  5795 | D:6      | HP: 12/49 [wyvern (2)]
  5796 | D:6      | 5796 ||| DRINKING potion of heal wounds.
  5802 | D:6      | Killed a wyvern
  5803 | D:6      | Reached skill level 6 in Shields
  5961 | D:6      | Reached skill level 7 in Shields
  6018 | D:6      | Found a transporter.
  6048 | D:6      | Found a transporter.
  6054 | D:6      | 6054 ||| UPGRADING to +0 plate armour.
  6070 | D:6      | 6070 ||| UPGRADING to +0 scale mail.
  6075 | D:6      | 6075 ||| UPGRADING to +0 plate armour.
  6085 | D:6      | 6085 ||| DROPPING +0 scale mail.
  6099 | D:6      | Reached XP level 9. HP: 54/54 MP: 9/9
  6369 | D:6      | 6369 ||| DROPPING amulet of guardian spirit.
  6370 | D:6      | 6370 ||| READING scroll labelled YSIGIR QELIKH.
  6438 | D:7      | Reached skill level 8 in Shields
  6491 | D:7      | 6491 ||| Stepping ~*~*~tactically~*~*~ (stealth).
  6493 | D:7      | Found an iron altar of Okawaru.
  6497 | D:7      | Reached skill level 9 in Shields
  6525 | D:7      | Found a stormy altar of Qazlal.
  6526 | D:7      | Found a sparkling altar of Nemelex Xobeh.
  6526 | D:7      | Found a broken altar of Ashenzari.
  6546 | D:7      | 6546 ||| Stepping ~*~*~tactically~*~*~ (stealth).
  6580 | D:7      | 6580 ||| FLEEEEING.
  6586 | D:7      | 6586 ||| DRINKING 12 potions of curing.
  6586 | D:7      | 6586 ||| (to cure confusion)
  6596 | D:7      | Noticed a deep elf pyromancer
  6697 | D:7      | 6697 ||| Stepping ~*~*~tactically~*~*~ (stealth).
  6741 | D:7      | HP: 7/54 [fire elemental[a deep elf pyromancer] (11)]
  6742 | D:7      | 6742 ||| READING 2 scrolls of teleportation.
  6742 | D:7      | HP: 3/54 [fire elemental[a deep elf pyromancer] (4)]
  6743 | D:7      | Slain by a fire elemental

Levels and vault maps discovered:
D:1:      scummos_arrival_simple_fountains, layout_loops_ring
D:2:      layout_basic, basic_altar, hangedman_decor_slide_cut
D:3:      layout_basic, amcnicky_altar_gilded,
          hellmonk_ecumenical_altar_inner_sanctum, nrook_uturn,
          skrybe_limestone_x, uniq_sigmund
D:4:      layout_rooms, mainiacjoe_overflow_cross_hatched, serial_aquarium,
          aquarium_bridge_straight [aquarium_subvault_bridge,
          aquarium_subvault_window, aquarium_subvault_bridge,
          aquarium_subvault_wall], aquarium_window_1, aquarium_window_fake,
          aquarium_window_corner, aquarium_window_fake, aquarium_view_2f
D:5:      layout_rooms, gammafunk_temple_overflow_statue,
          minmay_temple_entry_enclosed_plants
D:6:      gammafunk_steamed_eel, layout_rooms, roderic_batcave, ldierk_geyser
D:7:      minmay_the_grid_octo_2x2 [minmay_the_grid_octo_shrine,
          minmay_the_grid_octo_tetromino_candy, minmay_the_grid_octo_empty,
          minmay_the_grid_octo_prize_big_c], layout_loops_ring
Temple:   jpeg_temple_clearing

Skill      XL: |  1  2  3  4  5  6  7  8  9 |
---------------+----------------------------+-----
Axes           | 2 3 4 6 7 |  7.3
Fighting       | 4 5 |  5.3
Dodging        | 2 |  2.0
Shields        | 7 9 |  9.8
Armour         | 4 |  4.3

Action                   |  1- 3 |  4- 6 |  7- 9 || total
-------------------------+-------+-------+-------++-------
Melee: War axe           |   129 |   109 |    34 ||   272
       Broad axe         |       |       |   287 ||   287
Throw: Boomerang         |       |       |     1 ||     1
  Use: Scroll            |     5 |     4 |     5 ||    14
       Potion            |       |     4 |     3 ||     7
Armor: Scale mail        |    61 |    49 |   134 ||   244
       Plate armour      |       |       |    63 ||    63
       Skin              |       |       |     1 ||     1
Dodge: Dodged            |    58 |    50 |    69 ||   177
Block: Buckler           |    22 |    23 |    41 ||    86
       Tower shield      |       |       |   250 ||   250
       Reflection        |       |       |     6 ||     6

Table legend:
 A = Non-vault XP
 B = Vault XP
 C = Vault XP percentage of total XP
 D = Non-vault monster count
 E = Vault monster count
 F = Vault count percentage of total count
                 A         B        C        D         E       F
            +---------+---------+-------+---------+---------+-------
      Total |    3014 |     635 |  17.4 |     128 |      14 |   9.9
            +---------+---------+-------+---------+---------+-------
        D:1 |      60 |       0 |   0.0 |      28 |       0 |   0.0
        D:2 |      74 |       0 |   0.0 |      14 |       0 |   0.0
        D:3 |      93 |     226 |  70.8 |      21 |       1 |   4.5
        D:4 |     586 |       0 |   0.0 |      22 |       0 |   0.0
        D:5 |     328 |       0 |   0.0 |       7 |       0 |   0.0
        D:6 |    1064 |       7 |   0.7 |      16 |       6 |  27.3
        D:7 |     809 |     402 |  33.2 |      20 |       7 |  25.9
            +---------+---------+-------+---------+---------+-------
